[ AOE2 MATCH · #505554467 ]
UnrankedMongols vs Magyars
Player's team · WIN
Rival team · LOSS
[ REPLAY ANALYSIS · EXTRACTED FROM THE RECORDED GAME ]
Feudal
8:53
Castle
—
Imperial
—
| APM avg | 56.9 |
| APM peak | 88 |
| eAPM avg | 23.9 |
| Villagers / military | 34 / 7 |
Focus
⚔️ 10.9% · 🌾 89.1%
Archer ×7
Feudal
10:37
Castle
—
Imperial
—
| APM avg | 47.4 |
| APM peak | 69 |
| eAPM avg | 19.1 |
| Villagers / military | 38 / 7 |
Focus
⚔️ 17.8% · 🌾 82.2%
Militia ×7
Match map
Initial resources + every placement click. Lines = walls · curves = elevation contours. ◆ gold · ⬟ stone · ● berries · ✦ relic · ◌ wall gap
Your base· Open — 6t gap
Atula King's base· Open — unwalled flank
Smoothed initial terrain · ◌ = detected wall gap · hover for details
Inputs per minute
— alonso - - Atula King
Build order — alonso
75 actions detected in the replay
| 0:01 | Queue | Villager (Male) |
| 0:01 | Queue | Villager (Male) |
| 0:02 | Build | House |
| 0:03 | Build | House |
| 0:08 | Queue | Villager (Male) |
| 0:08 | Queue | Villager (Male) |
| 0:08 | Queue | Villager (Male) |
| 1:26 | Queue | Villager (Male) |
| 1:27 | Queue | Villager (Male) |
| 1:59 | Queue | Villager (Male) |
| 1:59 | Queue | Villager (Male) |
| 2:09 | Build | Lumber Camp |
| 2:13 | Queue | Villager (Male) |
| 2:14 | Queue | Villager (Male) |
| 2:43 | Queue | Villager (Male) |
| 2:44 | Queue | Villager (Male) |
| 2:55 | Build | House |
| 3:05 | Queue | Villager (Male) |
| 3:32 | Build | House |
| 3:37 | Queue | Villager (Male) |
| 3:56 | Queue | Villager (Male) |
| 4:30 | Queue | Villager (Male) |
| 4:45 | Queue | Villager (Male) |
| 4:57 | Queue | Villager (Male) |
| 5:08 | Build | Mill |
| 5:35 | Queue | Villager (Male) |
| 6:07 | Research | Loom |
| 6:14 | Build | Palisade Wall |
| 6:43 | Research | Feudal Age |
| 6:43 | Research | Feudal Age |
| 6:50 | Build | Mining Camp |
| 7:06 | Build | Palisade Wall |
| 7:11 | Queue | Villager (Male) |
| 7:36 | Build | House |
| 7:47 | Build | Palisade Wall |
| 8:18 | Queue | Villager (Male) |
| 8:28 | Queue | Villager (Male) |
| 8:53 | Age | Feudal Age |
| 9:00 | Queue | Villager (Male) |
| 9:00 | Queue | Villager (Male) |
| 9:26 | Build | Barracks |
| 9:27 | Queue | Villager (Male) |
| 9:31 | Research | Double-Bit Axe |
| 9:46 | Build | Palisade Wall |
| 9:50 | Build | Palisade Wall |
| 10:33 | Build | Archery Range |
| 10:38 | Queue | Villager (Male) |
| 11:01 | Queue | Villager (Male) |
| 11:04 | Build | Farm |
| 11:05 | Build | Farm |
| 11:15 | Queue | Villager (Male) |
| 11:23 | Build | Farm |
| 11:32 | Build | Farm |
| 11:38 | Queue | Villager (Male) |
| 11:41 | Queue | Archer |
| 11:41 | Queue | Archer |
| 11:41 | Queue | Archer |
| 11:46 | Build | House |
| 12:15 | Build | House |
| 12:22 | Build | Watch Tower |
| 12:36 | Queue | Archer |
| 12:43 | Build | Farm |
| 13:04 | Build | Farm |
| 13:36 | Queue | Villager (Male) |
| 13:36 | Queue | Villager (Male) |
| 14:01 | Queue | Archer |
| 14:13 | Build | House |
| 14:22 | Queue | Villager (Male) |
| 14:28 | Build | Blacksmith |
| 14:37 | Queue | Archer |
| 14:37 | Queue | Archer |
| 15:03 | Queue | Villager (Male) |
| 15:06 | Build | Farm |
| 15:07 | Build | Farm |
| 15:13 | Build | House |
Build order — Atula King
76 actions detected in the replay
| 0:01 | Queue | Villager (Male) |
| 0:02 | Build | House |
| 0:03 | Build | House |
| 0:10 | Queue | Villager (Male) |
| 0:10 | Queue | Villager (Male) |
| 0:19 | Queue | Villager (Male) |
| 1:27 | Queue | Villager (Male) |
| 1:53 | Queue | Villager (Male) |
| 1:53 | Queue | Villager (Male) |
| 2:22 | Queue | Villager (Male) |
| 2:51 | Queue | Villager (Male) |
| 2:54 | Queue | Villager (Male) |
| 3:24 | Build | House |
| 3:40 | Queue | Villager (Male) |
| 3:40 | Queue | Villager (Male) |
| 4:08 | Build | Barracks |
| 4:11 | Queue | Villager (Male) |
| 4:11 | Queue | Villager (Male) |
| 4:24 | Queue | Villager (Male) |
| 4:40 | Build | House |
| 4:51 | Queue | Villager (Male) |
| 5:05 | Queue | Militia |
| 5:12 | Queue | Villager (Male) |
| 5:32 | Queue | Villager (Male) |
| 5:40 | Queue | Militia |
| 5:48 | Queue | Villager (Male) |
| 5:51 | Queue | Militia |
| 6:03 | Queue | Villager (Male) |
| 6:19 | Build | Mill |
| 6:20 | Queue | Villager (Male) |
| 6:46 | Queue | Villager (Male) |
| 6:49 | Build | House |
| 7:13 | Queue | Villager (Male) |
| 7:47 | Queue | Villager (Male) |
| 8:27 | Research | Feudal Age |
| 8:27 | Research | Feudal Age |
| 9:18 | Queue | Militia |
| 9:26 | Build | Lumber Camp |
| 9:30 | Queue | Militia |
| 9:35 | Build | Mining Camp |
| 9:41 | Build | House |
| 10:25 | Queue | Militia |
| 10:37 | Age | Feudal Age |
| 10:40 | Research | Man-at-Arms (upgrade) |
| 11:01 | Queue | Villager (Male) |
| 11:05 | Build | Farm |
| 11:07 | Build | Farm |
| 11:07 | Queue | Villager (Male) |
| 11:11 | Research | Arson |
| 11:24 | Build | Watch Tower |
| 11:27 | Queue | Villager (Male) |
| 11:32 | Queue | Villager (Male) |
| 11:34 | Build | Farm |
| 11:41 | Research | Loom |
| 11:43 | Queue | Villager (Male) |
| 11:49 | Build | Farm |
| 11:53 | Queue | Villager (Male) |
| 12:07 | Build | Watch Tower |
| 12:08 | Queue | Villager (Male) |
| 12:11 | Build | Farm |
| 12:26 | Queue | Militia |
| 12:30 | Queue | Villager (Male) |
| 12:33 | Build | Farm |
| 12:33 | Build | Farm |
| 13:14 | Queue | Villager (Male) |
| 13:20 | Queue | Villager (Male) |
| 13:30 | Queue | Villager (Male) |
| 13:47 | Build | House |
| 13:50 | Queue | Villager (Male) |
| 13:57 | Build | House |
| 14:19 | Queue | Villager (Male) |
| 14:23 | Build | Farm |
| 14:33 | Build | Blacksmith |
| 14:38 | Queue | Villager (Male) |
| 14:44 | Build | Farm |
| 14:45 | Build | Farm |
Match timeline
| 4:08 | Atula King · first_building Barracks |
| 6:14 | alonso · wall_segment Palisade Wall x5 |
| 7:06 | alonso · wall_segment Palisade Wall x13 |
| 7:47 | alonso · wall_segment Palisade Wall x4 |
| 8:53 | alonso · age_up feudal |
| 9:26 | alonso · first_building Barracks |
| 9:46 | alonso · wall_segment Palisade Wall x5 |
| 9:50 | alonso · wall_segment Palisade Wall x11 |
| 10:33 | alonso · first_building Archery Range |
| 10:37 | Atula King · age_up feudal |
| 15:15 | Atula King · resign |
[ AI ANALYSIS · 1 CREDIT ]
What really happened in this match?
Wolo.gg analyzes every decision: build order, eco, micro, common mistakes by bracket. Personalized analysis on WhatsApp or Discord in 30 seconds.
Civ guide
Mongols
Perfil
Jugador #14918982